 Dungeon Crawl Stone Soup version 0.30.1 (webtiles) character file.

Game seed: 17404210486966513528

20779 Wiggles the Executioner (level 12, 0/93 HPs)
             Began as a Minotaur Berserker on July 12, 2023.
             Was a High Priest of Trog.
             Slain by Snorg (13 damage)
             ... on level 11 of the Dungeon.
             The game lasted 00:18:28 (8794 turns).

Wiggles the Executioner (Minotaur Berserker)        Turns: 8794, Time: 00:18:29

Health: 0/93       AC: 23    Str: 31    XL:     12   Next: 48%
Magic:  11/11      EV:  8    Int:  4    God:    Trog [*****.]
Gold:   645        SH:  0    Dex: 11    Spells: 11/11 levels left

rFire   . . .        g - +3 battleaxe (venom)
rCold   . . .        (shield currently unavailable)
rNeg    + . .        z - +3 plate armour {rPois}
rPois   +            a - +2 hat {Will+}
rElec   .            x - +2 cloak "Xyawyrch" {*Slow rN+ Str+5}
rCorr   +            (no gloves)
SInv    .            y - +2 pair of boots {rampage}
Will    +....        d - amulet of regeneration Stlth
                     r - ring of resist corrosion
HPRegen 1.15/turn    (no ring)
MPRegen 0.12/turn

%: slow self (1%), rampage
@: slowed, very slow
A: horns 2, retaliatory headbutt
a: Renounce Religion, Berserk, Trog's Hand, Brothers in Arms


You were on level 11 of the Dungeon.
You worshipped Trog.
Trog was extremely pleased with you.
You visited 1 branch of the dungeon, and saw 11 of its levels.
You also visited: Bailey.

You collected 775 gold pieces.
You spent 130 gold pieces at shops.

Inventory:

Hand Weapons
 g - a +3 battleaxe of venom (weapon)
Missiles
 n - 3 silver boomerangs (quivered)
 C - 5 throwing nets
Armour
 a - a +2 hat of willpower (worn)
 x - the +2 cloak "Xyawyrch" (worn) {*Slow rN+ Str+5}
   (You found it in a bailey)

   Str:       It affects your strength (+5).
   rN:        It protects you from negative energy.
   *Slow:     It may slow you when you take damage.
 y - a +2 pair of boots of rampaging (worn)
 z - a +3 plate armour of poison resistance (worn)
Jewellery
 d - an amulet of regeneration (around neck)
 h - a ring of flight
 r - a ring of resist corrosion (left hand)
 w - a ring of protection from cold
Wands
 f - a wand of quicksilver (11)
 u - a wand of flame (1)
 D - a wand of mindburst (11)
 G - a wand of charming (3)
 H - a wand of iceblast (13)
 L - a wand of polymorph (3)
Scrolls
 c - a scroll of brand weapon
 e - 2 scrolls of vulnerability
 i - 2 scrolls of fog
 j - 5 scrolls of teleportation
 o - 4 scrolls of poison
 s - a scroll of magic mapping
 E - 2 scrolls of blinking
 I - a scroll of identify
 J - a scroll of fear
 K - a scroll of enchant armour
 M - 2 scrolls of acquirement {unknown}
Potions
 b - 9 potions of heal wounds
 k - 2 potions of haste
 l - a potion of berserk rage
 m - 3 potions of mutation
 p - 6 potions of curing
 q - a potion of might
 t - 3 potions of cancellation
 v - a potion of brilliance
 A - a potion of flight
 B - a potion of lignification {unknown}
Miscellaneous
 F - a condenser vane


   Skills:
 - Level 4.8 Fighting
 + Level 23.3 Axes
 - Level 4.1 Armour
 - Level 2.9 Dodging
 + Level 0.2 Unarmed Combat


You had 11 spell levels left.
You didn't know any spells.
Your spell library was empty.

Dungeon Overview and Level Annotations

Branches:
Dungeon (11/15)            Temple (0/1) D:7            Lair (0/5) D:8
    Orc (0/2) D:10         Bailey (visited)

Altars:
Cheibriados
Dithmenos
Elyvilon
Makhleb
Okawaru
Qazlal
Ru
Uskayaw
Vehumet
Wu Jian
Xom
Zin

Shops:
D:5 !

Annotations:
D:4 2 transporters, SNESPrime's ghost, novice DrCK
D:11 Snorg


Innate Abilities, Weirdness & Mutations

You have a pair of horns on your head.
You reflexively headbutt those who attack you in melee.


Message History

Snorg is moderately wounded.
Snorg bites you! Snorg barely misses you. Snorg claws you but does no damage.
Snorg bites you but does no damage. Snorg barely misses you.
Snorg closely misses you.
You barely miss Snorg. You headbutt Snorg.
Snorg is moderately wounded.
Snorg bites you but does no damage. Snorg claws you but does no damage.
Snorg barely misses you. Snorg bites you but does no damage.
Snorg claws you but does no damage. x2
You slice Snorg!!
Snorg is moderately wounded.
Snorg bites you but does no damage. Snorg claws you but does no damage. x2
You slash Snorg!
Snorg looks as sick as possible!
Your headbutt misses Snorg.
Snorg is heavily wounded.
Snorg bites you!! Snorg claws you but does no damage. Snorg claws you.
Snorg barely misses you. You furiously retaliate!
You headbutt Snorg! Snorg closely misses you. Snorg completely misses you.
You hit Snorg.
Snorg looks as sick as possible!
Snorg is heavily wounded.
Snorg bites you! Snorg claws you but does no damage. x2
You hit Snorg.
Snorg is heavily wounded.
Snorg bites you but does no damage. Snorg closely misses you. x2
Snorg bites you but does no damage. Snorg barely misses you.
Snorg claws you but does no damage.
You chop Snorg into pieces!!!
Snorg is almost dead.
Snorg bites you but does no damage. Snorg claws you!
* * * LOW HITPOINT WARNING * * *
You feel as though you will be slow longer.
Snorg barely misses you.
You closely miss Snorg. Your headbutt misses Snorg.
Snorg is almost dead.
Snorg bites you but does no damage. Snorg claws you but does no damage.
Snorg claws you.
* * * LOW HITPOINT WARNING * * *
Snorg bites you.
* * * LOW HITPOINT WARNING * * *
Snorg claws you but does no damage. Snorg claws you!
You die...

......#.....#.$......
.....................
#...................
...................
#...#...........##
##..#............## #
#.............$...# ...
#..........##....##...#
#.........####..@T...#
##......>## ##..##..#
#....#.#.# #### ##
..######## ...# ....#
....# ...## ..##


You could see Snorg (berserk, extremely poisoned).

Vanquished Creatures
  Gastronok (D:10)
  Fannar (D:11)
  Harold (D:11)
  Erica (D:10)
  2 boulder beetles
  4 two-headed ogres
  A deep elf pyromancer (D:10)
  2 ugly things
  2 cyclopes (D:11)
  2 manticores
  3 gargoyles
  An unseen horror (D:10)
  2 kobold demonologists (D:10)
  2 tengu conjurers (D:9)
  2 hornets
  3 trolls (D:11)
  A slime creature (D:9)
  11 yaks
  A shadow (D:9)
  A vampire (D:9)
  A vampire mosquito (D:9)
  4 wargs (D:10)
  A water moccasin (D:8)
  8 orc warriors
  4 black bears
  A sky beast (D:7)
  3 ice beasts
  2 ogres (D:7)
  5 centaurs
  4 phantoms
  4 kobold brigands
  2 bullfrogs
  A scorpion (D:5)
  2 gnoll sergeants
  2 water moccasin zombies (D:4)
  7 wights
  2 killer bees
  4 howler monkeys
  6 wolf zombies (Bailey)
  8 vampire bats (Bailey)
  A bullfrog zombie (D:4)
  2 electric eels (D:10)
  A crimson imp (D:10)
  3 jellies
  4 hounds
  8 orc priests
  A gnoll bouda (D:8)
  2 sleepcaps
  4 iguanas
  A scorpion zombie (D:4)
  15 orc wizards
  2 hound zombies (D:4)
  2 hound skeletons (D:4)
  2 howler monkey zombies (D:4)
  Robin (D:2)
  14 gnolls
  7 adders
  3 shadow imps
  2 ufetubi
  3 adder skeletons (D:4)
  A worm (D:4)
  A dart slug (D:7)
  32 orcs
  8 endoplasms
  3 giant cockroaches
  20 goblins
  10 hobgoblins
  2 jackals (D:2)
  A quokka (D:3)
  7 ball pythons
  4 bats
  2 frilled lizards
  20 kobolds
  17 orc zombies (Bailey)
  6 rats
327 creatures vanquished.

Vanquished Creatures (collateral kills)
  A vampire (Bailey)
1 creature vanquished.

Vanquished Creatures (others)
  A kobold (D:10)
1 creature vanquished.

Grand Total: 329 creatures vanquished

Notes
Turn   | Place    | Note
-------+----------+-------------------------------------------
     0 | D:1      | Wiggles the Minotaur Berserker began the quest for the Orb.
     0 | D:1      | Reached XP level 1. HP: 19/19 MP: 0/0
   165 | D:1      | Reached XP level 2. HP: 27/27 MP: 1/1
   221 | D:1      | Reached skill level 4 in Axes
   773 | D:2      | Reached ** piety under Trog
   917 | D:2      | Reached XP level 3. HP: 33/33 MP: 2/2
  1264 | D:2      | Noticed Robin
  1277 | D:2      | Reached XP level 4. HP: 41/41 MP: 3/3
  1277 | D:2      | Killed Robin
  1280 | D:2      | Reached skill level 5 in Axes
  1477 | D:3      | Noticed a kobold brigand
  1511 | D:3      | Found a shadowy altar of Dithmenos.
  1624 | D:3      | Reached *** piety under Trog
  1670 | D:3      | Killed a kobold brigand
  1671 | D:3      | Reached XP level 5. HP: 37/47 MP: 4/4
  1912 | D:3      | Found a faded altar of an unknown god.
  2383 | D:4      | Reached skill level 6 in Axes
  2397 | D:4      | Reached XP level 6. HP: 47/55 MP: 5/5
  2427 | D:4      | Found a hide-covered altar of Uskayaw.
  2533 | D:4      | Found an iron altar of Okawaru.
  2550 | D:4      | Reached **** piety under Trog
  2551 | D:4      | Reached skill level 7 in Axes
  2619 | D:4      | Found a transporter.
  2619 | D:4      | Noticed SNESPrime's ghost (novice DrCK)
  2624 | D:4      | Found a transporter.
  2660 | D:4      | Reached skill level 8 in Axes
  2663 | D:4      | Reached XP level 7. HP: 59/60 MP: 6/6
  2810 | D:4      | Reached skill level 9 in Axes
  3035 | D:5      | Entered Level 5 of the Dungeon
  3125 | D:5      | Reached skill level 10 in Axes
  3128 | D:5      | Reached XP level 8. HP: 57/67 MP: 7/7
  3157 | D:5      | Found Iskoitoim's Distillery.
  3166 | D:5      | Bought a potion of heal wounds for 65 gold pieces
  3166 | D:5      | Bought a potion of heal wounds for 65 gold pieces
  3179 | D:5      | Found an ornate altar of the Wu Jian Council.
  3256 | D:5      | Reached skill level 11 in Axes
  3386 | D:5      | Reached skill level 12 in Axes
  3439 | D:5      | Found a glowing silver altar of Zin.
  4781 | D:7      | Reached skill level 13 in Axes
  4880 | D:7      | Reached XP level 9. HP: 62/73 MP: 8/8
  4980 | D:7      | Found a flagged portal.
  4986 | D:7      | Reached ***** piety under Trog
  4990 | Bailey   | Entered a bailey
  5056 | Bailey   | Noticed a gargoyle
  5063 | Bailey   | Killed a gargoyle
  5064 | Bailey   | Reached skill level 14 in Axes
  5120 | Bailey   | Identified the +6 longbow of Sloth {flame, rPois rF-
                  | Stlth+}
  5127 | Bailey   | Identified the +2 cloak "Xyawyrch" {*Slow rN+ Str+5}
  5165 | Bailey   | Reached skill level 15 in Axes
  5396 | D:7      | Found a snail-covered altar of Cheibriados.
  5450 | D:7      | Found a staircase to the Ecumenical Temple.
  5502 | D:7      | Found a shimmering altar of Xom.
  5530 | D:7      | Identified the +1 robe "Mucotonosh" {+Inv}
  5580 | D:7      | Reached skill level 16 in Axes
  5968 | D:8      | Reached XP level 10. HP: 75/80 MP: 9/9
  5979 | D:8      | Received a gift from Trog
  6317 | D:8      | Found a staircase to the Lair.
  6463 | D:8      | Reached skill level 17 in Axes
  6730 | D:9      | Found a white marble altar of Elyvilon.
  7089 | D:9      | Noticed a manticore
  7096 | D:9      | Killed a manticore
  7097 | D:9      | Reached skill level 18 in Axes
  7339 | D:9      | Noticed a two-headed ogre
  7343 | D:9      | Killed a two-headed ogre
  7344 | D:9      | Reached skill level 19 in Axes
  7490 | D:10     | Entered Level 10 of the Dungeon
  7490 | D:10     | Found a staircase to the Orcish Mines.
  7514 | D:10     | Noticed a deep elf pyromancer
  7518 | D:10     | Noticed a smoke demon
  7521 | D:10     | Reached XP level 11. HP: 85/85 MP: 10/10
  7525 | D:10     | Noticed Gastronok
  7539 | D:10     | Killed a deep elf pyromancer
  7540 | D:10     | Reached skill level 20 in Axes
  7567 | D:10     | Killed Gastronok
  7568 | D:10     | Noticed a brown ugly thing
  7579 | D:10     | Killed a brown ugly thing
  7633 | D:10     | Noticed Erica
  7644 | D:10     | Killed Erica
  7730 | D:10     | Reached skill level 21 in Axes
  7762 | D:10     | Found a sacrificial altar of Ru.
  7807 | D:10     | Noticed a boulder beetle
  7819 | D:10     | Killed a boulder beetle
  8074 | D:10     | Received a gift from Trog
  8155 | D:10     | Found a burning altar of Makhleb.
  8155 | D:10     | Found a radiant altar of Vehumet.
  8323 | D:10     | Found a stormy altar of Qazlal.
  8373 | D:11     | Noticed a boulder beetle
  8373 | D:11     | Noticed a two-headed ogre
  8381 | D:10     | Killed a two-headed ogre
  8397 | D:11     | Killed a boulder beetle
  8398 | D:11     | Reached skill level 22 in Axes
  8398 | D:11     | Reached XP level 12. HP: 54/93 MP: 11/11
  8489 | D:11     | Noticed Harold
  8523 | D:11     | Killed Harold
  8591 | D:11     | Noticed a two-headed ogre
  8600 | D:11     | Killed a two-headed ogre
  8639 | D:11     | Noticed a two-headed ogre
  8643 | D:11     | Killed a two-headed ogre
  8709 | D:11     | Noticed Fannar
  8721 | D:11     | Reached skill level 23 in Axes
  8729 | D:11     | Killed Fannar
  8781 | D:11     | Noticed Snorg
  8794 | D:11     | Slain by Snorg

Illustrated notes

Levels and vault maps discovered:
D:1:      evilmike_arrival_rings, layout_loops_ring
D:2:      layout_basic, uniq_robin
D:3:      cheibrodos_thug_alley, layout_basic, nicolae_dithmenos_shadow_blocks,
          shapermc_ecumenical_altar_hornbeckon, minmay_misc_feat_encased
D:4:      layout_basic, eat_drink_and_be_merry_uskayaw, okawaru_trees_1,
          gammafunk_ghost_mausoleum, serial_undead, serial_undead_b,
          serial_undead_b, serial_undead_a, serial_undead_f, serial_undead_d,
          serial_undead_e
D:5:      minmay_spotlight, layout_basic, kennysheep_little_box,
          general_overflow_altar, serial_shops, shop
D:6:      layout_basic
D:7:      layout_cave_pods, mainiacjoe_overflow_boulevard,
          kennysheep_slug_shrine, minmay_temple_entry_large_hall, enter_bailey_3
D:8:      layout_basic, dpeg_oklobed_lair, st_stairs_4
D:9:      minmay_the_grid_four_pointed_star
          [minmay_the_grid_triangle_9x9_checkered,
          minmay_the_grid_triangle_9x9_minimal,
          minmay_the_grid_triangle_9x9_corrupted_corridor,
          minmay_the_grid_triangle_9x9_intruding_spiral,
          minmay_the_grid_prize_inner_circle], layout_loops_ring,
          nicolae_elyvilon_peaceful_grove
D:10:     wad_cavern_with_rooms, layout_cave_pools, marbit_many_paths,
          nicolae_ru_awakened_eye, grunt_temple_overflow_lords_of_destruction,
          nooodl_orcs_dogs, uniq_gastronok, uniq_erica
D:11:     layout_cave_pools, kennysheep_donut, minmay_between, uniq_fannar,
          uniq_snorg, uniq_harold

Skill      XL: |  1  2  3  4  5  6  7  8  9 10 11 12 |
---------------+-------------------------------------+-----
Axes           | 4 5 6 8 10 13 16 19 22 23 | 23.3
Fighting       | 4 |  4.8
Armour         | 3 4 |  4.1
Dodging        | |  2.9
Unarmed Combat | |  0.2

Action                     |  1- 3 |  4- 6 |  7- 9 | 10-12 || total
---------------------------+-------+-------+-------+-------++-------
  Melee: Hand axe          |    67 |   142 |   326 |       ||   535
         Headbutt          |     3 |    21 |    67 |    53 ||   144
         Punch             |       |     1 |     4 |       ||     5
         Battleaxe         |       |       |     3 |   261 ||   264
         Unarmed           |       |       |       |     2 ||     2
  Throw: Boomerang         |       |     8 |     4 |       ||    12
 Invoke: Berserk           |     1 |       |     2 |     4 ||     7
         Brothers in Arms  |       |       |     1 |       ||     1
    Use: Scroll            |       |       |    15 |    12 ||    27
 Armour: Ring mail         |     8 |       |       |       ||     8
         Chain mail        |    18 |    94 |   142 |       ||   254
         Plate armour      |       |       |    42 |   246 ||   288
         Skin              |       |       |       |     1 ||     1
  Dodge: Dodged            |    28 |    89 |   138 |   129 ||   384
